 Dungeon Crawl Stone Soup version 0.28.0-47-ge53b351184 (webtiles) character file.

Game seed: 9179395813037881309

573 nickcage the Frost Mage (level 7, -5/36 HPs)
             Began as a Deep Elf Ice Elementalist on May 2, 2022.
             Shot with an arrow by a centaur (12 damage)
             ... on level 5 of the Dungeon.
             The game lasted 00:15:53 (4885 turns).

nickcage the Frost Mage (Deep Elf Ice Elementalist) Turns: 4885, Time: 00:15:53

Health: -5/36      AC: 14    Str:  5    XL:     7   Next: 12%
Magic:  9/17       EV: 12    Int: 22    God:
Gold:   80         SH:  4    Dex: 15    Spells: 6/17 levels left

rFire   + . .      SeeInvis .   c - staff of conjuration
rCold   . . .      Faith    .   k - +1 buckler
rNeg    . . .      Spirit   .   t - +2 robe {rF+}
rPois   .          Reflect  .   (no helmet)
rElec   .          Harm     .   (no cloak)
rCorr   .          Rampage  .   m - +1 pair of gloves
Will    .....                   (no boots)
Stlth   ++........              (no amulet)
HPRegen 0.12/turn               (no ring)
MPRegen 0.15/turn               (no ring)

@: ice-armoured, freezing walls
A: no striking features
a: no special abilities


You were on level 5 of the Dungeon.
You visited 1 branch of the dungeon, and saw 5 of its levels.

You collected 168 gold pieces.
You spent 88 gold pieces at shops.

Inventory:

Hand Weapons
 b - a +0 dagger
 e - a +3 spear
Missiles
 q - 4 poisoned darts
Armour
 a - a +0 robe
 k - a +1 buckler (worn)
 m - a +1 pair of gloves (worn)
 t - a +2 robe of fire resistance (worn)
Magical Staves
 c - a staff of conjuration (weapon)
Jewellery
 h - an amulet of guardian spirit
 j - a ring of fire
Wands
 o - a wand of digging (4)
 p - a wand of flame (36)
Scrolls
 d - a scroll of magic mapping
Potions
 f - a potion of attraction
 g - a potion of brilliance
 i - 2 potions of curing
 s - 2 potions of degeneration


   Skills:
 - Level 2.4 Dodging
 - Level 2.4 Stealth
 + Level 5.6 Spellcasting
 * Level 2.6 Conjurations
 - Level 8.0 Ice Magic


You had 6 spell levels left.
You knew the following spells:

 Your Spells              Type           Power      Damage    Failure   Level
a - Freeze                Ice            100%       1d11      1%          1
b - Frozen Ramparts       Ice            82%        1d10      1%          3
c - Ozocubu's Armour      Ice            41%        N/A       1%          3
d - Hailstorm             Conj/Ice       44%        3d10      14%         4

Your spell library contained the following spells:

 Spells                   Type           Power      Damage    Failure   Level


Dungeon Overview and Level Annotations

Branches:
Dungeon (5/15)
 Temple: D:4-7

Altars:

Shops:
D:3 (=   D:4 [


Message History

The arrow hits you!
There is an open door, spattered with blood here.
The centaur shoots an arrow.
The arrow hits you.
The centaur shoots an arrow.
The arrow closely misses you.
Casting: Ozocubu's Armour (safe; 1% risk of failure)
Confirm with . or Enter, or press ? or * to list all spells.
A film of ice covers your body!
Casting: Ozocubu's Armour (safe; 1% risk of failure)
Confirm with . or Enter, or press ? or * to list all spells.
Okay, then.
Casting: Ozocubu's Armour (safe; 1% risk of failure)
Confirm with . or Enter, or press ? or * to list all spells.
Casting: Frozen Ramparts (safe; 1% risk of failure)
Press: ? - help, Dir - look around, f - activate The walls around you are covered in ice.
The centaur shoots an arrow.
You block the arrow.
The centaur shoots an arrow.
The arrow barely misses you.
The centaur shoots an arrow.
The arrow barely misses you.
The centaur shoots an arrow.
The arrow closely misses you.
The centaur shoots an arrow.
The arrow hits you.
The centaur shoots an arrow.
You block the arrow.
The centaur shoots an arrow.
The arrow hits you but does no damage.
The centaur shoots an arrow.
The arrow barely misses you.
The centaur shoots an arrow.
The arrow hits you!
* * * LOW HITPOINT WARNING * * *
The centaur shoots an arrow.
You block the arrow.
The centaur shoots an arrow.
The arrow hits you.
* * * LOW HITPOINT WARNING * * *
The wall freezes the centaur.
The centaur shoots an arrow.
The arrow completely misses you.
The wall freezes the centaur.
The centaur shoots an arrow.
The arrow barely misses you.
The frozen ramparts melt away.
The centaur shoots an arrow.
The arrow hits you but does no damage.
Casting: Frozen Ramparts (safe; 1% risk of failure)
Confirm with . or Enter, or press ? or * to list all spells.
Casting: Frozen Ramparts (safe; 1% risk of failure)
Press: ? - help, Dir - look around, f - activate The walls around you are covered in ice.
The wall freezes the centaur.
The centaur shoots an arrow.
The arrow hits you!
You die...

#.....# #.....# #.....##.
.......#........ ######
.[.....#........ #.....
.......#........ #.....
#.....#.....#######.....
#.....#'######..........
#.....#@.....#..........
#.....#......#.....#####
#.c...c.!....#.....#....
.......#......#.....#....
..#+####......#.....#....
..........#.....#....
..........'.....#....
...##......#.....#....
... #......#.....#....


You could see a centaur.

Vanquished Creatures
  Sigmund (D:5)
  A water moccasin skeleton (D:5)
  2 centaur skeletons (D:5)
  A bullfrog skeleton (D:5)
  2 jellies
  Ijyb (D:3)
  Robin (D:3)
  4 gnolls (D:2)
  3 adders
  A white imp (D:4)
  A worm (D:2)
  5 dart slugs
  An orc (D:3)
  7 ball pythons
  5 bats
  13 endoplasms
  3 giant cockroaches
  17 goblins
  12 hobgoblins
  5 quokkas
  2 frilled lizards
  5 kobolds
  5 rats
98 creatures vanquished.

Notes
Turn   | Place    | Note
-------+----------+-------------------------------------------
     0 | D:1      | nickcage the Deep Elf Ice Elementalist began the quest for
                  | the Orb.
     0 | D:1      | Reached XP level 1. HP: 10/10 MP: 6/6
   114 | D:1      | Reached XP level 2. HP: 15/15 MP: 5/8
   211 | D:1      | Reached skill level 5 in Ice Magic
   813 | D:1      | Reached XP level 3. HP: 19/19 MP: 8/10
   903 | D:1      | Learned a level 3 spell: Frozen Ramparts
   907 | D:1      | Learned a level 3 spell: Ozocubu's Armour
  1579 | D:2      | Reached XP level 4. HP: 21/24 MP: 0/12
  1880 | D:2      | Reached skill level 5 in Spellcasting
  2153 | D:3      | Reached skill level 6 in Ice Magic
  2153 | D:3      | Reached XP level 5. HP: 28/28 MP: 9/14
  2485 | D:3      | Noticed Ijyb
  2492 | D:3      | Killed Ijyb
  2634 | D:3      | Noticed Robin
  2652 | D:3      | Killed Robin
  2863 | D:3      | Found Cuapnah's Jewellery Shop.
  2980 | D:3      | Learned a level 4 spell: Hailstorm
  3205 | D:3      | Found Xept's Weapon Boutique.
  3325 | D:4      | Found Labriat's Antique Armour Boutique.
  3333 | D:4      | Bought a glowing robe for 88 gold pieces
  3382 | D:4      | Reached skill level 7 in Ice Magic
  3469 | D:4      | Noticed a necrophage
  3996 | D:5      | Entered Level 5 of the Dungeon
  4002 | D:5      | Reached XP level 6. HP: 12/32 MP: 9/15
  4335 | D:5      | Noticed a troll
  4372 | D:5      | Noticed Sigmund
  4397 | D:5      | Killed Sigmund
  4398 | D:5      | Reached skill level 1 in Conjurations
  4398 | D:5      | Reached skill level 8 in Ice Magic
  4829 | D:5      | Reached XP level 7. HP: 34/36 MP: 17/17
  4885 | D:5      | Shot with an arrow by a centaur

Illustrated notes

Levels and vault maps discovered:
D:1:      minmay_arrival_shattered_statue, layout_basic
D:2:      layout_rooms
D:3:      layout_basic, serial_shops, shop, nicolae_shop_trees, uniq_ijyb,
          uniq_robin
D:4:      layout_cave_pools, serial_shops, nicolae_shop_advertising_works
          [nicolae_subvault_shop_adworks], minmay_misc_feat_rows
D:5:      layout_gridville, minmay_temple_entry_waves, uniq_sigmund

Skill      XL: |  1  2  3  4  5  6 |
---------------+-------------------+-----
Ice Magic      | 5 6 7 8 |  8.0
Spellcasting   | 4 5 |  5.6
Conjurations   | 2 |  2.6
Dodging        | |  2.4
Stealth        | |  2.4

Action                   |  1- 3 |  4- 6 |  7- 9 || total
-------------------------+-------+-------+-------++-------
Melee: Staff             |     9 |    66 |    15 ||    90
       Dagger            |     1 |       |       ||     1
 Cast: Freeze            |    48 |    82 |       ||   130
       Frozen Ramparts   |     2 |     7 |     2 ||    11
       Ozocubu's Armour  |     1 |     7 |     2 ||    10
  Use: Scroll            |       |     9 |       ||     9
 Stab: Sleeping          |     3 |     2 |       ||     5
Armor: Robe              |     8 |    60 |    15 ||    83
Dodge: Dodged            |    20 |    80 |    15 ||   115
Block: Buckler           |       |    21 |     6 ||    27
